 Dungeon Crawl Stone Soup version 0.25.1-2-g60ff931df9 (webtiles) character file.

Game seed: 12535454702402122223

502 Exodus22XD the Poker (level 6, 0/48 HPs)
             Began as a Demonspawn Gladiator on Oct 31, 2020.
             Killed by nerve-wracking pain
             ... invoked by a shadow imp
              (6 damage)
             ... on level 5 of the Dungeon.
             The game lasted 00:04:05 (3661 turns).

Exodus22XD the Poker (Demonspawn Gladiator)         Turns: 3661, Time: 00:04:06

Health: 0/48       AC:  7    Str: 17    XL:     6   Next: 95%
Magic:  6/6        EV: 16    Int:  9    God:
Gold:   230        SH:  0    Dex: 14    Spells: 5/5 levels left

rFire    . . .     SeeInvis .   a - +0 trident
rCold    . . .     Gourm    .   (no shield)
rNeg     . . .     Faith    .   h - +0 ring mail
rPois    .         Spirit   .   c - +0 helmet
rElec    .         Reflect  .   (no cloak)
rCorr    .         Harm     .   (no gloves)
MR       .....                  (no boots)
Stlth    ++........             (no amulet)
HPRegen  0.16/turn              q - +4 ring of evasion
MPRegen  0.10/turn              (no ring)

@: slowed, very slow
A: rugged brown scales 1, nightstalker 1
a: no special abilities


You were on level 5 of the Dungeon.
You were not hungry.

You visited 1 branch of the dungeon, and saw 5 of its levels.

You collected 230 gold pieces.

Inventory:

Hand Weapons
 a - a +0 trident (weapon)
Missiles
 d - 3 throwing nets (quivered)
Armour
 b - a +0 leather armour
 c - a +0 helmet (worn)
 h - a +0 ring mail (worn)
Jewellery
 q - a +4 ring of evasion (left hand)
Scrolls
 e - 2 scrolls of fear
 i - 3 scrolls of identify {unknown}
 j - 2 scrolls of enchant armour {unknown}
 k - a scroll of amnesia {unknown}
 r - a scroll of magic mapping {unknown}
 s - a scroll of immolation {unknown}
 u - a scroll of random uselessness {unknown}
 v - a scroll of teleportation {unknown}
Potions
 g - a potion of resistance {unknown}
 l - a potion of flight {unknown}
 m - a potion of brilliance {unknown}
 n - 2 potions of degeneration {unknown}
 o - a potion of invisibility {unknown}
 p - 2 potions of might {unknown}
 t - a potion of curing {unknown}
Comestibles
 f - 6 rations
 w - 4 chunks of flesh


   Skills:
 + Level 3.3 Fighting
 + Level 5.0 Polearms
 - Level 1.7 Throwing
 + Level 2.2 Armour
 + Level 3.9 Dodging
 + Level 2.3 Stealth


You had 5 spell levels left.
You didn't know any spells.
Your spell library was empty.

Dungeon Overview and Level Annotations

Branches:
Dungeon (5/15)
 Temple: D:4-7

Altars:
Dithmenos
Kikubaaqudgha
Okawaru
Sif Muna
Vehumet
Yredelemnul


Innate Abilities, Weirdness & Mutations

You are partially covered in rugged brown scales. (AC +1, +3% HP)
You are slightly more attuned to the shadows.


Message History

The orc wizard gestures at you while chanting.
The magic dart hits you but does no damage.
The shadow imp barely misses you. The howler monkey hits you.
* * * LOW HITPOINT WARNING * * *
The phantom misses you.
The orc wizard hits you but does no damage.
The shadow imp barely misses you. The howler monkey hits you.
* * * LOW HITPOINT WARNING * * *
As you read the scroll labeled QIUL NASHIGOXUTUA, it crumbles to dust.
You assume a fearsome visage.
The phantom is unaffected.
The howler monkey looks frightened!
The orc wizard looks frightened! x2
The shadow imp is unaffected.
It was a scroll of fear.
The phantom hits you but does no damage.
The orc wizard mumbles some strange words.
The orc wizard blinks!
The orc wizard casts a spell.
The orc wizard blinks!
The shadow imp gestures at you. Pain shoots through your body!
You die...

.#.....#.....#....##.
......#.......##.....#.
..##...................
........?..............
....$##........#####...
#............#####..)
.##........o...#.#.....
.....5)....o..#........
....h.@§..........#....
.......W§<........##...
#.##...................
........#.........##...
...........#.....#....
...##...#...##.........
##.........####(.......
#....#.............
#....#..###.>......


You could see a phantom, a howler monkey (fleeing, catching breath), 2 orc
wizards and a shadow imp.

Vanquished Creatures
  Blork the orc (D:5)
  A hound (D:5)
  A jelly (D:5)
  2 orc wizards (D:3)
  6 worker ants
  7 adders
  4 oozes
  An adder zombie (D:5)
  An adder skeleton (D:4)
  A worm (D:4)
  2 dart slugs (D:2)
  4 leopard geckos
  9 orcs
  A ball python (D:4)
  7 bats
  5 giant cockroaches
  5 goblins
  6 hobgoblins
  8 jackals
  5 kobolds
  2 quokkas
  3 frilled lizards
  3 quokka skeletons
  2 rats
87 creatures vanquished.

Vanquished Creatures (others)
  An adder (D:2)
  A quokka (D:2)
2 creatures vanquished.

Grand Total: 89 creatures vanquished

Notes
Turn   | Place    | Note
-------+----------+-------------------------------------------
     0 | D:1      | Exodus22XD the Demonspawn Gladiator began the quest for the
                  | Orb.
     0 | D:1      | Reached XP level 1. HP: 16/16 MP: 1/1
    79 | D:1      | Reached skill level 3 in Polearms
    79 | D:1      | Gained mutation: You are slightly more attuned to the
                  | shadows. [demonic ancestry]
    79 | D:1      | Reached XP level 2. HP: 19/22 MP: 2/2
   532 | D:1      | Gained mutation: You are partially covered in rugged brown
                  | scales. (AC +1, +3% HP) [demonic ancestry]
   532 | D:1      | Reached XP level 3. HP: 22/27 MP: 3/3
   996 | D:2      | Reached skill level 1 in Stealth
  1049 | D:2      | Reached XP level 4. HP: 29/35 MP: 4/4
  1123 | D:2      | Found a radiant altar of Vehumet.
  1177 | D:2      | Found an ancient bone altar of Kikubaaqudgha.
  1416 | D:3      | Reached skill level 1 in Armour
  1427 | D:3      | Reached XP level 5. HP: 22/40 MP: 5/5
  2005 | D:4      | Reached skill level 4 in Polearms
  2133 | D:4      | Found a shimmering blue altar of Sif Muna.
  2199 | D:4      | Found a basalt altar of Yredelemnul.
  2381 | D:4      | Reached XP level 6. HP: 48/48 MP: 6/6
  2396 | D:4      | Found a shadowy altar of Dithmenos.
  3008 | D:4      | Found an iron altar of Okawaru.
  3053 | D:5      | Entered Level 5 of the Dungeon
  3253 | D:5      | Noticed Blork the orc
  3269 | D:5      | Killed Blork the orc
  3519 | D:5      | Reached skill level 5 in Polearms
  3661 | D:5      | Killed from afar by a shadow imp

Illustrated notes

Levels and vault maps discovered:
D:1:      onia_arrival_mini_spirals, layout_basic, serial_park_tiny_2,
          fountainhead
D:2:      layout_rooms, lemuel_round_altar, fiery_altar_vehumet,
          wad_floor_pattern_untrapped
D:3:      layout_rooms, st_stairs_10
D:4:      layout_basic, lemuel_round_altar, marbit_many_paths,
          lemuel_doored_altar, lemuel_coloured_pillars_altar, minmay_mini_jars
D:5:      layout_cave_pools, ashenzari_conservatory_becter, first_ration,
          uniq_blork_the_orc

Skill      XL: |  1  2  3  4  5  6 |
---------------+-------------------+-----
Polearms       | 3 4 5 |  5.0
Dodging        | 3 |  3.9
Stealth        | 1 2 |  2.3
Armour         | 1 2 |  2.2
Fighting       | 3 |  3.3
Throwing       | |  1.7

Action                   |  1- 3 |  4- 6 || total
-------------------------+-------+-------++-------
Melee: Trident           |   111 |   277 ||   388
  Use: Scroll            |       |     1 ||     1
 Stab: Sleeping          |     5 |    12 ||    17
       Distracted        |     1 |     1 ||     2
  Eat: Chunk             |     1 |     8 ||     9
Armor: Leather armour    |    14 |       ||    14
       Ring mail         |    15 |    83 ||    98
Dodge: Dodged            |    82 |   206 ||   288
